Map: Backcountry

Players

Iceberg - Winner!

  • Race: Zerg Zerg
  • Spawn Location: 5:00

Morph - Winner!

  • Race: Zerg Zerg
  • Spawn Location: 5:00

Digital - Winner!

  • Race: Zerg Zerg
  • Spawn Location: 5:00

ATanzarian

  • Race: Zerg Zerg
  • Spawn Location: 9:00

Grumm

  • Race: Terran Terran
  • League: Gold
  • Spawn Location: 11:00

Dubsak

  • Race: Terran Terran
  • Spawn Location: 11:00

VOD

Have the link to the VOD?

Description

Time

  • Played on: Feb. 1, 2016, 11:48 p.m.
  • Length: 14:25
Show
View Real Time Build Order
Export as new Build Order

Iceberg Zerg - Winner!

Build Orders: Hatch First 

Get SALT Encoding   

  12  0:01  Drone  
  13  0:12  Overlord  
  13  0:18  Drone  
  14  0:31  Drone  
  14  0:32  Drone  
  14  0:34  Drone  
  17  0:45  Drone  
  18  0:57  Drone  
  19  1:07  Drone  
  19  1:11  Extractor  
  19  1:17  Drone  
  20  1:18  Hatchery  
  20  1:23  Spawning Pool  
  18  1:28  Drone  
  19  1:39  Overlord  
  19  1:55  Drone  
  20  2:04  Hatchery  
  20  2:06  Drone  
  20  2:12  Queen  
  20  2:13  Drone  
  23  2:27  Metabolic Boost  
  23  2:31  Spine Crawler  
  22  2:37  Drone  
  22  2:42  Drone x2  
  25  2:56  Zergling x8  
  29  3:03  Zergling x2  
  30  3:29  Zergling x8  
  30  3:30  Zergling x10  
  30  3:32  Queen  
  38  3:37  Spine Crawler  
  38  3:40  Queen  
  39  3:47  Drone x2  
  41  3:50  Drone  
  41  3:51  Extractor  
  38  4:20  Zergling x8  
  38  4:21  Zergling x2  
  38  4:23  Overlord x2  
  41  4:40  Drone  
  41  4:41  Drone x3  
  41  4:42  Drone x3  
  48  4:59  Drone x2  
  51  5:00  Drone x3  
  53  5:09  Lair  
  53  5:14  Roach Warren  
  53  5:19  Drone x6  
  58  5:24  Extractor  
  58  5:25  Extractor  
  56  5:36  Drone x2  
  56  5:38  Overlord  
  58  6:14  Roach x4  
  58  6:15  Overlord x5  
  66  6:21  Evolution Chamber  
  66  6:22  Evolution Chamber  
  64  6:26  Glial Reconstitution  
  64  6:29  Drone x3, Hydralisk Den  
  64  6:31  Overlord  
  66  6:52  Drone x2  
  66  6:53  Drone  
  69  6:58  Roach x4  
  69  6:59  Roach x6  
  69  7:00  Roach  
  91  7:11  Muscular Augments  
  91  7:17  Zerg Missile Weapons Level 1  
  91  7:19  Zerg Ground Armor Level 1  
  87  7:38  Hydralisk x2  
  87  7:39  Hydralisk x6  
  87  7:41  Hydralisk  
  105  7:44  Hydralisk  
  107  8:17  Overlord x3  
  107  8:25  Hatchery, Hydralisk x2, Roach x2  
  114  8:30  Lurker Den  
  114  8:44  Hydralisk x3, Roach x2  
  124  8:48  Overlord  
  124  8:49  Overlord  
  124  8:57  Extractor  
  124  9:00  Extractor  
  122  9:10  Roach  
  122  9:11  Hydralisk x2, Roach  
  122  9:12  Overlord x2  
  130  9:18  Zerg Missile Weapons Level 2  
  130  9:23  Zerg Ground Armor Level 2  
  130  9:31  Drone  
  130  9:32  Drone x3  
  130  9:33  Drone  
  130  9:35  Drone  
  130  9:38  Drone  
  137  9:39  Drone  
  137  10:17  Lurker x3  
  140  10:21  Hydralisk x4  
  140  10:22  Hydralisk  
  140  10:23  Overlord x2  
  140  10:24  Roach x4  
  140  10:25  Roach  
  160  10:49  Pneumatized Carapace  
  160  11:01  Queen  
  162  11:06  Spore Crawler  
  161  11:11  Spore Crawler  
  161  11:13  Drone  
  161  11:14  Drone x4  
  161  11:15  Overlord  
  165  11:58  Spire  
  164  12:07  Hydralisk x2  
  164  12:08  Hydralisk x6  
  168  12:09  Hydralisk x6  
  168  12:10  Hydralisk x4  
  180  12:49  Roach x2  
  180  12:50  Roach x6  
  180  12:51  Roach  
  168  13:23  Roach  
  168  13:24  Roach x5  
  168  13:25  Hydralisk x2, Roach x4  
  168  13:26  Hydralisk x6  
  160  13:27  Hydralisk  
Show
View Real Time Build Order
Export as new Build Order

Morph Zerg - Winner!

Build Orders: Hatch First 

Get SALT Encoding   

  12  0:01  Drone  
  13  0:12  Overlord  
  13  0:17  Drone  
  14  0:50  Hatchery  
  13  0:59  Spawning Pool  
  13  1:03  Drone  
  13  1:10  Drone x2  
  15  1:16  Drone  
  16  1:25  Extractor  
  15  1:28  Drone  
  16  1:35  Overlord  
  16  1:46  Queen  
  18  1:50  Drone  
  19  1:58  Drone  
  20  2:03  Queen  
  20  2:04  Drone  
  23  2:16  Drone  
  23  2:19  Drone x2  
  26  2:28  Metabolic Boost  
  26  2:32  Drone  
  26  2:33  Drone, Extractor  
  27  2:37  Drone  
  27  2:43  Queen  
  30  2:50  Spore Crawler  
  29  2:55  Spore Crawler  
  29  2:56  Drone  
  29  3:01  Drone  
  29  3:03  Drone  
  31  3:09  Drone x2  
  33  3:17  Overlord  
  33  3:24  Zergling x6  
  36  3:37  Zergling x6  
  36  3:38  Zergling x6  
  42  3:53  Overlord x2  
  42  3:55  Drone x2  
  40  4:04  Zergling x4  
  40  4:05  Zergling x4  
  42  4:27  Zergling x16  
  50  4:34  Lair  
  47  4:39  Zergling x4  
  49  4:48  Overlord  
  49  4:52  Overlord  
  49  5:06  Drone x2  
  51  5:21  Drone  
  51  5:22  Drone x3  
  51  5:23  Drone x2  
  51  5:24  Drone  
  51  5:27  Overlord  
  58  5:40  Spire  
  58  5:41  Drone x2  
  59  5:45  Overlord x2, Extractor x2  
  59  5:47  Drone x2  
  59  5:48  Drone  
  60  5:53  Drone x2  
  56  6:30  Hatchery  
  55  6:36  Hatchery  
  54  6:54  Zerg Flyer Weapons Level 1  
  54  6:55  Mutalisk  
  54  6:56  Mutalisk x10  
  54  7:00  Overlord x2  
  76  7:10  Drone x2  
  76  7:12  Drone  
  79  7:22  Evolution Chamber  
  74  7:23  Evolution Chamber  
  74  7:25  Mutalisk x3  
  79  7:30  Queen  
  81  7:49  Zerg Melee Weapons Level 1  
  81  7:50  Zerg Ground Armor Level 1  
  81  7:55  Mutalisk  
  83  7:59  Drone  
  83  8:00  Drone x4  
  83  8:01  Drone x8  
  96  8:20  Mutalisk x2  
  96  8:21  Mutalisk  
  96  8:24  Drone x3  
  96  8:25  Drone, Extractor  
  96  8:26  Drone x2  
  96  8:27  Drone  
  108  8:29  Extractor  
  108  8:30  Queen  
  108  8:32  Overlord  
  108  8:33  Overlord  
  109  8:36  Mutalisk  
  111  8:55  Zerg Flyer Armor Level 1  
  111  8:56  Infestation Pit  
  110  9:21  Overlord x3  
  110  9:32  Overlord x4  
  110  9:36  Hive, Mutalisk x3  
  110  9:38  Zergling x2  
  117  9:50  Zerg Melee Weapons Level 2  
  117  10:00  Zerg Ground Armor Level 2  
  117  10:32  Hatchery  
  113  11:18  Zerg Flyer Weapons Level 2  
  111  11:31  Ultralisk Cavern  
  110  11:38  Mutalisk  
  110  11:39  Mutalisk x12  
  132  12:20  Drone x3  
  132  12:22  Zergling x10  
  140  12:23  Zergling x20  
  140  12:26  Adrenal Glands  
  140  12:29  Zergling x14  
  158  12:30  Zergling x4  
  159  12:39  Zergling x2  
  159  12:40  Zergling x34  
  159  12:41  Zergling x24  
  178  12:47  Chitinous Plating  
  178  13:34  Swarm Host  
  178  13:35  Overlord x5  
Show
View Real Time Build Order
Export as new Build Order

Digital Zerg - Winner!

Build Orders: Pool First, Lurkers 

Get SALT Encoding   

  12  0:03  Drone  
  13  0:25  Spawning Pool  
  12  0:31  Overlord  
  12  0:35  Drone  
  13  0:39  Drone  
  14  0:43  Extractor  
  14  0:45  Drone  
  14  0:54  Drone  
  15  1:12  Queen  
  15  1:14  Zergling x2  
  18  1:38  Hatchery  
  17  1:40  Drone, Overlord  
  17  1:42  Drone  
  18  2:28  Zergling x8  
  18  2:29  Zergling x4  
  24  2:30  Metabolic Boost  
  24  2:39  Baneling Nest  
  23  3:00  Drone  
  23  3:01  Drone x4  
  23  3:04  Queen  
  30  3:24  Baneling  
  30  3:33  Baneling x3  
  29  3:41  Zergling x8  
  29  3:42  Zergling x2  
  32  4:02  Drone x3  
  33  4:24  Baneling  
  32  4:34  Zergling x4  
  32  4:35  Zergling x2  
  32  4:36  Overlord x2  
  35  4:40  Lair, Spine Crawler  
  35  4:41  Overlord  
  35  4:42  Drone x2  
  35  4:53  Baneling  
  35  4:59  Drone x2  
  37  5:07  Spore Crawler  
  37  5:10  Extractor  
  35  5:14  Spore Crawler  
  35  5:16  Drone x2  
  35  5:17  Drone x2, Evolution Chamber  
  37  5:42  Hydralisk Den, Overseer  
  36  5:47  Drone x6  
  42  5:51  Extractor  
  42  5:54  Spore Crawler  
  42  5:56  Extractor  
  39  6:12  Lurker Den  
  39  6:17  Drone x5  
  44  6:40  Zerg Missile Weapons Level 1  
  44  6:44  Drone x3  
  47  7:15  Drone x2  
  49  7:25  Hydralisk x5  
  49  7:27  Overlord  
  49  7:28  Overlord x4  
  49  7:29  Hatchery  
  58  7:47  Muscular Augments  
  58  7:55  Lurker x2  
  58  7:56  Lurker x3  
  63  7:58  Drone  
  63  7:59  Drone x5  
  69  8:06  Queen  
  69  8:12  Hydralisk x4  
  73  8:13  Evolution Chamber  
  78  8:22  Overseer  
  78  8:46  Drone  
  79  8:50  Zerg Ground Armor Level 1, Zerg Missile Weapons Level 2  
  79  8:52  Hydralisk x3  
  79  8:54  Zergling x10  
  79  8:55  Extractor  
  89  9:06  Spore Crawler  
  89  9:08  Spore Crawler  
  87  9:11  Spore Crawler  
  86  9:26  Nydus Network  
  85  9:33  Drone  
  85  9:34  Drone x2, Infestation Pit  
  88  9:38  Drone x3  
  88  9:39  Drone x4  
  88  9:42  Overlord  
  88  9:43  Overlord  
  94  10:16  Lurker x4  
  94  10:17  Hydralisk x2  
  94  10:18  Hydralisk x4  
  94  10:19  Hydralisk  
  112  10:27  Drone x2  
  112  10:28  Drone x2, Extractor  
  115  11:00  Hive  
  115  11:02  Hydralisk x3  
  121  11:05  Overlord x3  
  121  11:13  Nydus Canal  
  121  11:18  Zerg Ground Armor Level 2  
  115  11:52  Nydus Canal  
  115  11:59  Hydralisk x3  
  115  12:00  Hydralisk x7  
  115  12:01  Hydralisk x3  
  141  12:19  Nydus Canal  
  139  13:10  Overlord x5  
  139  13:21  Nydus Canal  
  139  13:28  Overlord x2  
  139  13:29  Overlord x4  
  136  13:48  Nydus Canal  
  136  14:02  Nydus Canal  
Show
View Real Time Build Order
Export as new Build Order

ATanzarian Zerg 

Build Orders: Pool First 

Get SALT Encoding   

  12  0:02  Drone  
  13  0:16  Drone  
  14  0:28  Spawning Pool  
  13  0:35  Overlord  
  13  0:47  Drone  
  14  0:56  Drone x2, Extractor  
  15  1:07  Drone  
  16  1:12  Drone  
  16  1:15  Queen  
  19  1:20  Overlord  
  19  1:34  Zergling x2  
  20  1:42  Zergling x2  
  21  2:00  Zergling x2  
  22  2:07  Hatchery  
  21  2:29  Zergling x2  
  23  2:30  Zergling x10, Roach Warren  
  26  2:57  Drone x2  
  27  3:32  Roach x2  
  27  3:33  Roach x3  
  35  3:47  Roach  
  35  3:49  Overlord x2  
  35  4:05  Metabolic Boost  
  35  4:07  Lair  
  31  4:25  Roach x3  
  31  4:26  Roach x2  
  33  4:42  Roach x2  
  33  4:46  Queen  
  33  4:48  Drone  
  36  5:04  Roach x2  
  36  5:06  Drone  
  41  5:08  Drone  
  41  5:12  Drone  
  43  5:27  Drone  
  43  5:28  Drone  
  45  5:29  Roach x2  
  45  5:31  Drone  
  50  5:41  Extractor  
  50  5:42  Overlord  
  49  5:45  Drone  
  49  5:46  Drone  
  49  5:48  Drone  
  52  5:57  Glial Reconstitution  
  52  6:05  Evolution Chamber  
  52  6:06  Drone  
  52  6:07  Drone x2  
  52  6:10  Drone  
  55  6:12  Drone  
  55  6:18  Overseer  
  56  6:23  Drone x2  
  56  6:24  Drone  
  59  6:30  Overlord  
  59  6:44  Pneumatized Carapace  
  59  6:46  Overlord  
  59  6:47  Drone  
  60  6:55  Extractor  
  60  6:56  Extractor  
  58  7:08  Hydralisk Den  
  57  7:09  Zerg Missile Weapons Level 1  
  57  7:15  Drone x7  
  64  7:39  Hydralisk  
  64  7:40  Hydralisk x2  
  70  7:50  Drone x2  
  70  7:51  Drone x4  
  76  7:52  Overlord  
  76  7:53  Overlord x2  
  76  7:58  Muscular Augments  
  76  8:13  Spore Crawler  
  76  8:18  Drone x2  
  76  8:19  Spore Crawler  
  76  8:27  Spire  
  76  8:30  Infestation Pit  
  74  8:47  Hydralisk  
  74  8:48  Hydralisk x4  
  78  8:50  Overlord x2  
  84  8:59  Hydralisk x2  
  84  9:00  Overlord x3  
  88  9:07  Evolution Chamber  
  87  9:15  Spore Crawler x3  
  84  9:18  Hydralisk x4  
  92  9:38  Hive  
  92  9:39  Corruptor  
  94  9:58  Hydralisk x4  
  102  10:01  Overlord  
  102  10:03  Hydralisk  
  104  10:17  Corruptor  
  106  10:35  Corruptor x2  
  106  10:38  Corruptor  
  106  10:40  Extractor  
  110  10:51  Corruptor  
  100  11:26  Corruptor  
  100  11:27  Corruptor x2  
  106  11:51  Corruptor  
  104  12:04  Drone  
  104  12:05  Drone x2  
  107  12:08  Spore Crawler  
  107  12:09  Spore Crawler  
  107  12:10  Drone x2  
  107  12:11  Drone x2  
  79  12:51  Mutalisk x3  
  63  13:45  Hatchery  
  62  13:59  Ultralisk Cavern  
  43  14:18  Hatchery  
  43  14:19  Extractor  
Show
View Real Time Build Order
Export as new Build Order

Grumm Terran 

Build Orders:  

Get SALT Encoding   

  12  0:11  Supply Depot  
  12  0:15  SCV  
  13  0:27  SCV  
  14  0:36  Barracks  
  14  0:39  SCV  
  15  0:47  Refinery  
  15  0:51  SCV  
  16  1:02  Barracks  
  16  1:05  SCV  
  17  1:17  SCV  
  18  1:21  Supply Depot  
  18  1:24  Barracks Tech Lab  
  18  1:29  SCV  
  19  1:41  SCV  
  19  1:43  Marine  
  21  1:49  Barracks Reactor  
  21  1:53  Supply Depot  
  21  1:55  SCV  
  21  1:59  Refinery  
  22  2:03  Marine  
  23  2:23  Supply Depot  
  23  2:24  Barracks  
  23  2:26  Orbital Command  
  23  2:29  Marine  
  24  2:43  Engineering Bay  
  24  2:52  Marine x3  
  27  3:10  Marine x3  
  30  3:12  Barracks Reactor  
  30  3:19  Terran Infantry Weapons Level 1  
  30  3:28  Marine x2  
  32  3:38  Marine  
  33  3:45  Marine  
  33  3:46  Combat Shields, Marine  
  35  3:56  Marine  
  34  4:03  Marine x2  
  36  4:14  Marine  
  30  4:27  Marine x4  
  33  4:32  Marine  
  32  4:45  Marine x4  
  32  4:49  Marine  
  35  5:03  Marine x3  
  38  5:09  Marine x2  
  38  5:13  Command Center  
  40  5:15  Terran Infantry Armor Level 1  
  40  5:16  Factory  
  40  5:20  Missile Turret, Marine  
  40  5:21  Marine  
  42  5:31  Marauder  
  44  5:44  Supply Depot  
  44  5:46  Supply Depot  
  44  5:52  Marauder  
  46  6:13  Marauder, Armory  
  48  6:30  Orbital Command  
  47  6:34  Missile Turret  
  47  6:49  Bunker  
  47  6:57  Supply Depot  
  47  7:00  SCV x2  
  49  7:11  Bunker  
  49  7:12  SCV x2  
  49  7:13  Supply Depot  
  51  7:31  Supply Depot  
  51  7:44  Sensor Tower  
  51  7:48  SCV x2  
  53  7:52  Refinery  
  53  7:53  Refinery  
  53  7:58  Barracks  
  53  8:00  SCV x2  
  53  8:04  Supply Depot  
  55  8:12  Marauder, Marine, SCV x2  
  60  8:16  Marine  
  60  8:17  Marine x2  
  63  8:32  Sensor Tower  
  63  8:33  Marauder  
  65  8:47  Terran Infantry Weapons Level 2  
  65  8:50  Engineering Bay  
  65  8:52  Widow Mine  
  67  8:58  Marine x6  
  73  9:08  Missile Turret  
  73  9:15  Marine  
  73  9:16  Marine x4  
  77  9:27  Missile Turret  
  77  9:50  Starport  
  77  9:51  Starport  
  77  10:21  Missile Turret  
  77  10:27  Marine x2  
  77  10:28  Marine x3  
  82  10:29  Medivac  
  82  10:30  Medivac  
  86  10:35  Terran Infantry Armor Level 2  
  86  10:38  Terran Vehicle And Ship Armor Level 1  
  86  10:45  Marine x2  
  86  10:47  Missile Turret  
  88  10:59  Medivac x2  
  88  11:01  Missile Turret  
  88  11:02  Missile Turret  
  92  11:21  Supply Depot  
  92  11:35  Liberator x2  
  92  11:44  Supply Depot  
  98  11:55  Widow Mine  
  98  12:00  Stimpack  
  100  12:02  Marine  
  100  12:03  Marine x5  
  100  12:06  Supply Depot  
  106  12:20  Marine  
  106  12:21  Marine x5  
  112  12:24  Widow Mine  
  114  12:35  Medivac x2  
  118  12:38  Marine  
  118  12:39  Marine x2  
  121  12:52  Widow Mine  
  103  13:55  Marine x6  
Show
View Real Time Build Order
Export as new Build Order

Dubsak Terran 

Build Orders:  

Get SALT Encoding   

  12  0:01  SCV  
  13  0:13  SCV  
  14  0:22  Supply Depot  
  14  0:25  SCV  
  15  0:44  SCV, Barracks  
  15  0:46  Supply Depot  
  16  0:54  Refinery  
  16  0:56  SCV  
  17  1:08  SCV  
  18  1:16  Barracks  
  18  1:24  SCV  
  19  1:35  Supply Depot  
  19  1:36  Marine  
  19  1:39  SCV  
  21  1:42  Refinery  
  21  1:51  SCV  
  22  2:12  Marine  
  22  2:13  Marine  
  24  2:17  Barracks  
  24  2:35  Marine x2  
  26  2:38  SCV  
  27  2:53  Marine x2  
  27  2:54  SCV  
  30  3:02  Factory  
  30  3:07  SCV  
  31  3:19  SCV  
  32  3:25  Supply Depot x2  
  32  3:29  Barracks Tech Lab  
  29  4:12  Marine x2  
  29  4:13  Marine  
  28  4:23  Factory Tech Lab  
  28  4:28  Barracks  
  28  4:30  Marine x3  
  31  4:48  Marine x3  
  34  5:06  Marine x2  
  38  5:07  Marauder  
  38  5:18  Factory x2  
  38  5:21  Command Center  
  38  5:24  Engineering Bay, Marine x2  
  38  5:28  Marauder  
  42  5:36  Hellion  
  42  5:41  Marine  
  42  5:42  Marine  
  46  5:49  Marauder  
  48  5:56  Terran Infantry Weapons Level 1  
  48  6:02  Armory  
  48  6:11  Marauder  
  50  6:12  Orbital Command  
  50  6:32  Marauder  
  52  6:34  Barracks Tech Lab  
  52  6:40  Marine  
  53  6:54  Marauder  
  55  6:58  Terran Vehicle And Ship Armor Level 1  
  55  7:01  Missile Turret  
  55  7:03  SCV  
  55  7:05  SCV  
  57  7:17  SCV  
  57  7:22  Missile Turret  
  58  7:27  Stimpack  
  58  7:29  SCV  
  59  7:39  Marauder x2  
  59  7:43  Factory Tech Lab  
  63  7:45  Factory Tech Lab  
  63  7:49  Building Armor  
  63  7:51  Supply Depot  
  63  7:58  SCV  
  64  8:00  Marauder x2  
  64  8:04  Marine  
  64  8:05  Marine  
  70  8:13  SCV  
  71  8:22  Marauder  
  71  8:25  SCV  
  74  8:37  SCV  
  75  8:49  SCV  
  76  8:59  Missile Turret  
  76  9:01  SCV  
  76  9:02  Missile Turret  
  77  9:04  Missile Turret  
  75  9:15  Missile Turret  
  73  9:21  SCV  
  73  9:23  Missile Turret  
  74  9:26  Missile Turret  
  74  9:33  SCV  
  75  9:39  Terran Vehicle Weapons Level 1  
  75  9:45  SCV  
  76  9:55  Marine  
  76  9:58  SCV  
  78  10:09  Supply Depot  
  78  10:13  Supply Depot  
  78  10:18  Supply Depot  
  78  10:24  Supply Depot  
  78  10:30  SCV, Thor  
  78  10:34  Thor  
  91  10:40  Thor  
  97  10:42  SCV  
  98  10:55  SCV  
  95  11:13  Supply Depot, Thor  
  95  11:17  Supply Depot, Thor  
  107  11:20  Starport  
  107  11:35  Thor  
  107  11:39  Refinery  
  113  11:55  Terran Vehicle Weapons Level 2  
  113  11:56  Siege Tank  
  113  11:57  Terran Infantry Armor Level 1  
  113  11:59  Starport Reactor  
  113  12:01  Starport  
  116  12:21  Marine x4  
  120  12:25  Supply Depot, SCV  
  120  12:29  Supply Depot x2  
  121  12:39  Marauder, Marine x3  
  112  13:23  Starport Reactor  
  107  13:32  Command Center  
Tags
 
Add a new tag
Caveats
  • Supply blocks, unpowered buildings, or Contaminate may cause inaccurate times.
  • Supply counts are checked every 10 seconds.